TOP OF THE 1ST |
New Orleans Voodoo batting - Pitching for Charleston Battery : RHP Scott Morrison
|
Pitching: RHP Scott Morrison
|
|
Batting: RHB Júlio Sahagún
|
0-0: Ground out 6-3 (Groundball, 6, EV 82.5 MPH)
|
Batting: LHB Derek Corbin
|
0-0: Swinging Strike 0-1: Ground out 4-3 (Groundball, 4, EV 86.9 MPH)
|
Batting: RHB Tony Calhoun
|
0-0: Ball 1-0: Called Strike 1-1: Ball 2-1: Ball 3-1: Foul Ball, location: 2F 3-2: Foul Ball, location: 2F 3-2: Base on Balls
|
Batting: SHB Charles Geudre
|
0-0: Fielders Choice at 2nd, 6-4 (Groundball, 6, EV 103.1 MPH)
|
Top of the 1st over - 0 runs, 0 hits, 0 errors, 1 left on base; New Orleans 0 - Charleston 0 |
BOTTOM OF THE 1ST |
Charleston Battery batting - Pitching for New Orleans Voodoo : RHP Mike Donovan
|
Pitching: RHP Mike Donovan
|
|
Batting: LHB Rafael Urrutiz
|
0-0: Swinging Strike 0-1: Foul Ball, location: 2F 0-2: Ball 1-2: Ball 2-2: Ground out U3 (Groundball, 3, EV 101.2 MPH)
|
Batting: LHB Benno Luby
|
0-0: Foul Ball, location: 2F 0-1: Ball 1-1: Ball 2-1: Swinging Strike 2-2: Ball 3-2: Base on Balls
|
Batting: LHB Joey Coco
|
0-0: Called Strike 0-1: Ball 1-1: Ball 2-1: DOUBLE (Line Drive, 78M, EV 93.1 MPH) Benno Luby to third
|
Batting: RHB Melvin Thomas
|
0-0: Called Strike 0-1: Ball 1-1: Foul Ball, location: 2F 1-2: Ball 2-2: Strikes out swinging
|
Batting: LHB Datu Lesaca
|
0-0: Swinging Strike 0-1: Ball Wild Pitch! Benno Luby scores Joey Coco to third 1-1: Ball Passed Ball! Joey Coco scores 2-1: Foul Ball, location: 2F 2-2: Ball 3-2: Fly out, F7 (Flyball, 78S, EV 82.5 MPH)
|
Bottom of the 1st over - 2 runs, 1 hit, 0 errors, 0 left on base; New Orleans 0 - Charleston 2 |
TOP OF THE 2ND |
New Orleans Voodoo batting - Pitching for Charleston Battery : RHP Scott Morrison
|
Batting: LHB Jorge Castillo
|
0-0: Ball 1-0: Ball 2-0: Called Strike 2-1: Ball 3-1: Base on Balls
|
Batting: LHB Stephen Goldobenko
|
0-0: Ball 1-0: Called Strike 1-1: Ball 2-1: Foul Ball, location: 2F 2-2: Ball 3-2: Strikes out swinging
|
Batting: RHB Jeff Bowers
|
0-0: Ball 1-0: Called Strike 1-1: Foul Ball, location: 2F 1-2: Foul Ball, location: 2F 1-2: Fielders Choice at 2nd, 5-4 (Groundball, 56, EV 88.1 MPH)
|
Batting: LHB José Soriano
|
0-0: Ball 1-0: Ground out 2-3 (Groundball, 15S, EV 65.6 MPH)
|
Top of the 2nd over - 0 runs, 0 hits, 0 errors, 1 left on base; New Orleans 0 - Charleston 2 |
BOTTOM OF THE 2ND |
Charleston Battery batting - Pitching for New Orleans Voodoo : RHP Mike Donovan
|
Batting: RHB Jaime Espinar
|
0-0: Called Strike 0-1: Ball 1-1: Ball 2-1: Fly out, F6 (Popup, 4S, EV 76.9 MPH)
|
Batting: RHB Mariano Juderías
|
0-0: Ball 1-0: Foul Ball, location: 2F 1-1: Called Strike 1-2: Ball 2-2: Foul Ball, location: 2F 2-2: Ball 3-2: Fly out, F7 (Flyball, 7D, EV 91.2 MPH)
|
Batting: LHB Alfonso López
|
0-0: Ground out 6-3 (Groundball, 6M, EV 83.1 MPH)
|
Bottom of the 2nd over - 0 runs, 0 hits, 0 errors, 0 left on base; New Orleans 0 - Charleston 2 |
TOP OF THE 3RD |
New Orleans Voodoo batting - Pitching for Charleston Battery : RHP Scott Morrison
|
Batting: RHB Vitorio Flores
|
0-0: SINGLE (Groundball, 5D, EV 105.6 MPH)
|
Batting: RHB Júlio Sahagún
|
0-0: Called Strike 0-1: Called Strike 0-2: TRIPLE (Line Drive, 78XD, EV 102.5 MPH) Vitorio Flores scores
|
Batting: LHB Derek Corbin
|
0-0: Foul Ball, location: 2F 0-1: Swinging Strike 0-2: Ball 1-2: Ball 2-2: Ground out 5-3 (Groundball, 56S, EV 67.5 MPH) Júlio Sahagún scores
|
Batting: RHB Tony Calhoun
|
0-0: Ball 1-0: Ball 2-0: Called Strike 2-1: SINGLE (Groundball, 6MD, EV 110.6 MPH)
|
Batting: SHB Charles Geudre
|
0-0: Ball Tony Calhoun steals 2nd base 1-0: Fly out, F7 (Line Drive, 7, EV 95.0 MPH)
|
Batting: LHB Jorge Castillo
|
0-0: Ball 1-0: Swinging Strike 1-1: Swinging Strike 1-2: Foul Ball, location: 2F 1-2: Ball 2-2: Strikes out looking
|
Top of the 3rd over - 2 runs, 3 hits, 0 errors, 1 left on base; New Orleans 2 - Charleston 2 |
BOTTOM OF THE 3RD |
Charleston Battery batting - Pitching for New Orleans Voodoo : RHP Mike Donovan
|
Batting: RHB Uoti Vaijärvi
|
0-0: Ball 1-0: Foul Ball, location: 2F 1-1: Ball 2-1: Ball 3-1: Foul Ball, location: 2F 3-2: Base on Balls
|
Batting: LHB Rafael Urrutiz
|
0-0: DOUBLE (Line Drive, 9LM, EV 103.1 MPH) Uoti Vaijärvi to third
|
Batting: LHB Benno Luby
|
0-0: Called Strike 0-1: Ball 1-1: Called Strike 1-2: Ball 2-2: Fly out, F2 (Popup, 2LF, EV 90.0 MPH)
|
Batting: LHB Joey Coco
|
0-0: Ball 1-0: Foul Ball, location: 2F 1-1: Foul Ball, location: 2F 1-2: Fly out, F8 (Flyball, 8RM, EV 90.0 MPH) Runner from 3rd tags up, OUT at HOME! 8-2
|
Bottom of the 3rd over - 0 runs, 1 hit, 0 errors, 1 left on base; New Orleans 2 - Charleston 2 |
TOP OF THE 4TH |
New Orleans Voodoo batting - Pitching for Charleston Battery : RHP Scott Morrison
|
Batting: LHB Stephen Goldobenko
|
0-0: Fly out, F7 (Flyball, 7S, EV 88.8 MPH)
|
Batting: RHB Jeff Bowers
|
0-0: Ball 1-0: Swinging Strike 1-1: Ball 2-1: Ground out 6-3 (Groundball, 6M, EV 82.5 MPH)
|
Batting: LHB José Soriano
|
0-0: Ball 1-0: DOUBLE (Line Drive, 9LD, EV 111.2 MPH)
|
Batting: RHB Vitorio Flores
|
0-0: Ball 1-0: Foul Ball, location: 2F 1-1: Ground out 4-3 (Groundball, 4, EV 84.4 MPH)
|
Top of the 4th over - 0 runs, 1 hit, 0 errors, 1 left on base; New Orleans 2 - Charleston 2 |
BOTTOM OF THE 4TH |
Charleston Battery batting - Pitching for New Orleans Voodoo : RHP Mike Donovan
|
Batting: RHB Melvin Thomas
|
0-0: Ball 1-0: Ball 2-0: Called Strike 2-1: Ball 3-1: Foul Ball, location: 2F 3-2: SINGLE (Groundball, 6, EV 103.8 MPH) (infield hit)
|
Batting: LHB Datu Lesaca
|
0-0: Ball 1-0: Swinging Strike 1-1: Foul Ball, location: 2F 1-2: Fly out, F7 (Flyball, 7S, EV 85.6 MPH)
|
Batting: RHB Jaime Espinar
|
0-0: Ball Melvin Thomas is caught stealing 2nd base 2-4 1-0: Ball 2-0: Called Strike 2-1: Foul Ball, location: 2F 2-2: Strikes out looking
|
Bottom of the 4th over - 0 runs, 1 hit, 0 errors, 0 left on base; New Orleans 2 - Charleston 2 |
TOP OF THE 5TH |
New Orleans Voodoo batting - Pitching for Charleston Battery : RHP Scott Morrison
|
Batting: RHB Júlio Sahagún
|
0-0: Ball 1-0: Fly out, F6 (Line Drive, 6, EV 66.9 MPH)
|
Batting: LHB Derek Corbin
|
0-0: Ball 1-0: SINGLE (Flyball, 7S, EV 86.2 MPH)
|
Batting: RHB Tony Calhoun
|
0-0: Swinging Strike 0-1: Fly out, F8 (Flyball, 89D, EV 96.9 MPH)
|
Batting: SHB Charles Geudre
|
0-0: Ball 1-0: Fielders Choice at 2nd, 5-4 (Groundball, 56, EV 108.1 MPH)
|
Top of the 5th over - 0 runs, 1 hit, 0 errors, 1 left on base; New Orleans 2 - Charleston 2 |
BOTTOM OF THE 5TH |
Charleston Battery batting - Pitching for New Orleans Voodoo : RHP Mike Donovan
|
Batting: RHB Mariano Juderías
|
0-0: Called Strike 0-1: Called Strike 0-2: Ball 1-2: Ground out 5-3 (Groundball, 56, EV 106.2 MPH)
|
Batting: LHB Alfonso López
|
0-0: Foul Ball, location: 2F 0-1: Swinging Strike 0-2: Strikes out swinging
|
Batting: RHB Uoti Vaijärvi
|
0-0: Ball 1-0: Ball 2-0: Swinging Strike 2-1: Ball 3-1: Called Strike 3-2: Base on Balls
|
Batting: LHB Rafael Urrutiz
|
0-0: Fly out, F8 (Flyball, 8LD, EV 101.2 MPH)
|
Bottom of the 5th over - 0 runs, 0 hits, 0 errors, 1 left on base; New Orleans 2 - Charleston 2 |
TOP OF THE 6TH |
New Orleans Voodoo batting - Pitching for Charleston Battery : RHP Scott Morrison
|
Batting: LHB Jorge Castillo
|
0-0: Called Strike 0-1: Ground out U3 (Groundball, 3, EV 87.5 MPH)
|
Batting: LHB Stephen Goldobenko
|
0-0: Called Strike 0-1: Ball 1-1: Ground out 1-3 (Groundball, 15S, EV 74.4 MPH)
|
Batting: RHB Jeff Bowers
|
0-0: Swinging Strike 0-1: Swinging Strike 0-2: Ground out U3 (Groundball, 3L, EV 84.4 MPH)
|
Top of the 6th over - 0 runs, 0 hits, 0 errors, 0 left on base; New Orleans 2 - Charleston 2 |
BOTTOM OF THE 6TH |
Charleston Battery batting - Pitching for New Orleans Voodoo : RHP Mike Donovan
|
Batting: LHB Benno Luby
|
0-0: Foul Ball, location: 2F 0-1: Foul Ball, location: 2F 0-2: Strikes out swinging
|
Batting: LHB Joey Coco
|
0-0: Ground out 4-3 (Groundball, 34D, EV 85.0 MPH)
|
Batting: RHB Melvin Thomas
|
0-0: Ball 1-0: Ball 2-0: Foul Ball, location: 2F 2-1: Foul Ball, location: 2F 2-2: DOUBLE (Line Drive, 9LS, EV 101.9 MPH)
|
Batting: LHB Datu Lesaca
|
0-0: Called Strike 0-1: Ball 1-1: Ball 2-1: Ball 3-1: Reached on error, E4 (Groundball, 4, EV 96.9 MPH) Melvin Thomas to third
|
Batting: RHB Jaime Espinar
|
0-0: Ball 1-0: Ball 2-0: SINGLE (Groundball, 6MS, EV 67.5 MPH) (infield hit) Melvin Thomas scores Datu Lesaca to second
|
Pitching: RHP Fernando Nava
|
|
Batting: RHB Mariano Juderías
|
0-0: Foul Ball, location: 2F 0-1: Foul Ball, location: 2F 0-2: SINGLE (Flyball, 7S, EV 98.1 MPH) Datu Lesaca to third Jaime Espinar to second Runner from 3rd tries for Home, SAFE, no throw by LF
|
Batting: LHB Alfonso López
|
0-0: Called Strike 0-1: Ball 1-1: Swinging Strike 1-2: Strikes out swinging
|
Bottom of the 6th over - 2 runs, 3 hits, 1 error, 2 left on base; New Orleans 2 - Charleston 4 |
TOP OF THE 7TH |
New Orleans Voodoo batting - Pitching for Charleston Battery : RHP Scott Morrison
|
Batting: LHB José Soriano
|
0-0: Ball 1-0: Ball 2-0: Ground out 1-3 (Groundball, 13S, EV 64.4 MPH)
|
Batting: RHB Vitorio Flores
|
0-0: Ball 1-0: Foul Ball, location: 2F 1-1: SOLO HOME RUN (Line Drive, 7D, EV 95.0 MPH), Distance : 384 ft
|
Batting: RHB Júlio Sahagún
|
0-0: Foul Ball, location: 2F 0-1: Foul Ball, location: 2F 0-2: Ball 1-2: Foul Ball, location: 2F 1-2: Ground out 5-3 (Groundball, 56, EV 105.6 MPH)
|
Batting: LHB Derek Corbin
|
0-0: Ball 1-0: Ball 2-0: Ball 3-0: Called Strike 3-1: Ground out 4-3 (Groundball, 4, EV 103.8 MPH)
|
Top of the 7th over - 1 run, 1 hit, 0 errors, 0 left on base; New Orleans 3 - Charleston 4 |
BOTTOM OF THE 7TH |
Charleston Battery batting - Pitching for New Orleans Voodoo : RHP Fernando Nava
|
Batting: RHB Uoti Vaijärvi
|
0-0: Called Strike 0-1: Ball 1-1: Foul Ball, location: 2F 1-2: Ball 2-2: Foul Ball, location: 2F 2-2: Foul Ball, location: 2F 2-2: Ball 3-2: Base on Balls
|
Batting: LHB Rafael Urrutiz
|
0-0: Sac Bunt to 13 - play at second, runner OUT! 1-6
|
Batting: LHB Benno Luby
|
0-0: Ball Rafael Urrutiz steals 2nd base (no throw) 1-0: Ball 2-0: Called Strike 2-1: Foul Ball, location: 2F 2-2: Ball 3-2: Foul Ball, location: 2F 3-2: Strikes out looking
|
Batting: LHB Joey Coco
|
0-0: Swinging Strike 0-1: Ball Passed Ball! Rafael Urrutiz to third 1-1: Ground out 6-3 (Groundball, 6M, EV 104.4 MPH)
|
Bottom of the 7th over - 0 runs, 0 hits, 0 errors, 1 left on base; New Orleans 3 - Charleston 4 |
TOP OF THE 8TH |
New Orleans Voodoo batting - Pitching for Charleston Battery : RHP Scott Morrison
|
Pitching: LHP Amberlan Romubio
|
|
Batting: RHB Tony Calhoun
|
0-0: Ball 1-0: Swinging Strike 1-1: DOUBLE (Line Drive, 89M, EV 108.1 MPH)
|
Pinch Hitting: RHB Tae-gyoon Ch'oe
|
0-0: Ball 1-0: Ball 2-0: Ball 3-0: Called Strike 3-1: Base on Balls
|
Pinch Hitting: RHB Rod Sarkies
|
0-0: Ball 1-0: Ball 2-0: Ball 3-0: Base on Balls Tony Calhoun to third Tae-gyoon Ch'oe to second
|
Batting: LHB Stephen Goldobenko
|
0-0: Fly out, F4 (Popup, 4D, EV 58.8 MPH)
|
Pitching: RHP Branlyn Jaraba
|
|
Batting: RHB Jeff Bowers
|
0-0: Ball 1-0: Ball 2-0: SINGLE (Groundball, 56, EV 101.2 MPH) Tony Calhoun scores Tae-gyoon Ch'oe to third Rod Sarkies to second
|
Batting: LHB José Soriano
|
0-0: Called Strike 0-1: Ball 1-1: SINGLE (Groundball, 34D, EV 96.2 MPH) Tae-gyoon Ch'oe scores Rod Sarkies to third Jeff Bowers to second
|
Batting: RHB Vitorio Flores
|
0-0: Swinging Strike 0-1: Ball 1-1: Fly out, F7 (Flyball, 78D, EV 91.9 MPH) Runner from 3rd tags up, SCORES, throw by LF
|
Batting: RHB Júlio Sahagún
|
0-0: Ground out U3 (Groundball, 34S, EV 90.0 MPH)
|
Top of the 8th over - 3 runs, 3 hits, 0 errors, 2 left on base; New Orleans 6 - Charleston 4 |
BOTTOM OF THE 8TH |
Charleston Battery batting - Pitching for New Orleans Voodoo : RHP Fernando Nava
|
Now at 1B: Rod Sarkies
|
|
Now in CF: John Clark
|
|
Batting: RHB Melvin Thomas
|
0-0: Ball 1-0: Foul Ball, location: 2F 1-1: Ball 2-1: Ball 3-1: Base on Balls
|
Pitching: RHP David Flowers
|
|
Batting: LHB Datu Lesaca
|
0-0: SINGLE (Groundball, 34D, EV 105.6 MPH) Melvin Thomas to second Runner from 2nd tries for 3rd, OUT! 9-5
|
Batting: RHB Jaime Espinar
|
0-0: Ball 1-0: Swinging Strike 1-1: Ball 2-1: Foul Ball, location: 2F 2-2: Ball 3-2: Strikes out swinging
|
Batting: RHB Mariano Juderías
|
0-0: Fly out, F6 (Flyball, 56D, EV 83.8 MPH)
|
Bottom of the 8th over - 0 runs, 1 hit, 0 errors, 1 left on base; New Orleans 6 - Charleston 4 |
TOP OF THE 9TH |
New Orleans Voodoo batting - Pitching for Charleston Battery : RHP Branlyn Jaraba
|
Batting: LHB Derek Corbin
|
0-0: Swinging Strike 0-1: Foul Ball, location: 2F 0-2: Ball 1-2: Ball 2-2: Ball 3-2: Foul Ball, location: 2F 3-2: Foul Ball, location: 2F 3-2: Ground out 1-3 (Groundball, P, EV 93.8 MPH)
|
Batting: RHB Tony Calhoun
|
0-0: Swinging Strike 0-1: Called Strike 0-2: Ball 1-2: Ground out U3 (Groundball, 34S, EV 81.9 MPH)
|
Batting: RHB John Clark
|
0-0: Ball 1-0: Ball 2-0: Ground out 1-3 (Groundball, 25, EV 90.0 MPH)
|
Top of the 9th over - 0 runs, 0 hits, 0 errors, 0 left on base; New Orleans 6 - Charleston 4 |
BOTTOM OF THE 9TH |
Charleston Battery batting - Pitching for New Orleans Voodoo : RHP David Flowers
|
Batting: LHB Alfonso López
|
0-0: Ball 1-0: Ground out U3 (Groundball, 34, EV 102.5 MPH)
|
Batting: RHB Uoti Vaijärvi
|
0-0: Called Strike 0-1: Ball 1-1: Foul Ball, location: 2F 1-2: SINGLE (Groundball, 6MD, EV 103.1 MPH)
|
Batting: LHB Rafael Urrutiz
|
0-0: Ball 1-0: Swinging Strike 1-1: Foul Ball, location: 2F 1-2: Ball 2-2: Foul Ball, location: 2F 2-2: Foul Ball, location: 2F 2-2: Ball 3-2: Strikes out looking
|
Batting: LHB Benno Luby
|
0-0: Called Strike 0-1: Called Strike 0-2: Ball 1-2: Ball 2-2: Strikes out swinging
|
Bottom of the 9th over - 0 runs, 1 hit, 0 errors, 1 left on base; New Orleans 6 - Charleston 4 |
|